Map: Stargazers

Players

Qbert

  • Race: Protoss Protoss
  • Spawn Location: 11:00

GoatHerder - Winner!

  • Race: Protoss Protoss
  • League: Diamond
  • Spawn Location: 1:00

VOD

Have the link to the VOD?

Description

Time

  • Played on: July 30, 2022, 2:27 p.m.
  • Length: 19:47
Show
View Real Time Build Order
Export as new Build Order

Qbert Protoss 

Build Orders:  

Get SALT Encoding   

  12  0:01  Probe  
  13  0:13  Probe  
  14  0:27  Pylon  
  14  0:28  Probe  
  15  0:45  Probe (Chrono Boost)  
  15  0:47  Gateway  
  16  0:55  Pylon  
  16  0:56  Probe (Chrono Boost)  
  17  1:01  Probe (Chrono Boost)  
  18  1:27  Forge  
  18  1:52  Zealot (Chrono Boost)  
  20  2:01  Photon Cannon  
  20  2:06  Nexus  
  16  2:23  Zealot (Chrono Boost)  
  18  2:34  Probe  
  19  2:40  Assimilator  
  19  2:43  Assimilator  
  19  2:46  Probe  
  19  2:49  Cybernetics Core  
  20  3:00  Pylon  
  20  3:01  Probe (Chrono Boost)  
  22  3:13  Probe (Chrono Boost)  
  22  3:16  Zealot  
  24  3:22  Probe x2 (Chrono Boost)  
  24  3:25  Warp Gate  
  26  3:30  Probe (Chrono Boost)  
  27  3:34  Probe (Chrono Boost)  
  28  3:42  Probe  
  28  3:43  Stalker  
  28  3:46  Probe  
  32  3:57  Twilight Council  
  32  3:59  Probe  
  32  4:02  Probe  
  34  4:11  Probe  
  34  4:14  Gateway  
  35  4:17  Probe  
  37  4:26  Probe (Chrono Boost)  
  37  4:29  Probe (Chrono Boost)  
  40  4:39  Probe (Chrono Boost), Pylon  
  40  4:40  Probe (Chrono Boost)  
  40  4:43  Protoss Ground Weapons Level 1 (Chrono Boost)  
  40  4:44  Probe (Chrono Boost)  
  40  4:45  Stalker  
  40  4:48  Probe  
  44  4:55  Probe  
  44  4:56  Charge  
  45  5:02  Gateway  
  45  5:14  Shield Battery  
  43  5:36  Probe (Chrono Boost)  
  44  5:42  Assimilator  
  44  5:45  Probe (Chrono Boost)  
  45  5:50  Probe (Chrono Boost)  
  45  5:56  Gateway  
  46  6:02  Probe  
  47  6:04  Robotics Facility  
  47  6:07  Pylon  
  47  6:10  Pylon  
  47  6:14  Probe  
  48  6:27  Stalker x3  
  40  6:51  Probe (Chrono Boost)  
  41  7:00  Probe (Chrono Boost)  
  41  7:05  Probe x2 (Chrono Boost)  
  41  7:06  Blink (Chrono Boost)  
  41  7:17  Probe x2  
  43  7:24  Zealot x2  
  43  7:25  Stalker x2  
  53  7:30  Probe (Chrono Boost)  
  53  7:31  Probe (Chrono Boost)  
  53  7:42  Probe (Chrono Boost)  
  55  7:47  Probe (Chrono Boost)  
  55  7:48  Probe (Chrono Boost)  
  56  7:53  Probe  
  56  7:56  Probe  
  58  8:05  Probe  
  58  8:08  Probe  
  60  8:14  Stalker x3  
  60  8:15  Stalker  
  68  8:20  Probe  
  69  8:27  Immortal (Chrono Boost)  
  73  8:35  Probe  
  73  8:38  Zealot x2  
  70  8:57  Stalker x2  
  59  9:28  Pylon  
  59  9:30  Pylon  
  51  9:54  Pylon  
  47  10:05  Gateway  
  45  10:10  Gateway  
  45  10:11  Stalker  
  45  10:12  Stalker x3  
  45  10:13  Immortal (Chrono Boost)  
  57  10:26  Pylon  
  57  10:27  Pylon  
  57  10:30  Pylon  
  57  10:37  Shield Battery  
  57  10:39  Zealot x3  
  57  10:40  Forge x2, Stalker  
  65  10:45  Immortal  
  69  10:54  Nexus  
  69  10:57  Pylon  
  69  10:59  Pylon  
  69  11:02  Assimilator  
  69  11:09  Pylon  
  69  11:10  Probe, Protoss Ground Weapons Level 2 (Chrono Boost)  
  70  11:19  Stalker x3  
  70  11:21  Zealot  
  70  11:22  Probe  
  70  11:23  Protoss Shields Level 1 (Chrono Boost)  
  83  11:25  Immortal  
  83  11:34  Probe  
  84  11:48  Probe  
  85  12:00  Probe  
  84  12:10  Stalker x2  
  84  12:11  Zealot  
  90  12:17  Zealot x2  
  90  12:20  Stalker  
  97  12:30  Probe (Chrono Boost)  
  97  12:37  Zealot x2  
  99  12:38  Stalker x3  
  99  12:39  Probe (Chrono Boost)  
  108  12:44  Probe (Chrono Boost)  
  109  13:05  Stalker x3  
  111  13:06  Stalker  
  111  13:07  Zealot x2, Pylon  
  121  13:15  Immortal  
  121  13:19  Pylon  
  125  13:43  Zealot  
  125  13:45  Nexus  
  125  13:46  Sentry x3  
  125  13:48  Pylon  
  133  13:58  Probe  
  134  14:10  Probe  
  117  14:44  Zealot x2  
  117  14:45  Zealot, Immortal (Chrono Boost)  
  123  14:46  Stalker x2  
  118  15:11  Zealot  
  118  15:12  Zealot x4  
  127  15:18  Immortal  
  103  15:32  Probe (Chrono Boost)  
  100  15:38  Zealot x4  
  100  15:39  Zealot  
  111  15:43  Probe (Chrono Boost)  
  111  15:48  Probe (Chrono Boost)  
  102  16:08  Zealot x3  
  93  16:40  Probe (Chrono Boost)  
  93  16:45  Assimilator  
  94  16:48  Forge  
  94  16:49  Probe (Chrono Boost)  
  92  16:54  Probe (Chrono Boost)  
  87  17:13  Cybernetics Core  
  87  17:15  Dark Shrine  
  87  17:18  Probe (Chrono Boost), Assimilator  
  82  17:27  Probe (Chrono Boost)  
  81  17:32  Probe (Chrono Boost)  
  81  17:44  Probe  
  81  17:47  Photon Cannon  
  81  17:50  Photon Cannon  
  82  17:51  Photon Cannon  
  82  17:53  Photon Cannon  
  82  18:01  Photon Cannon x2  
  82  18:02  Photon Cannon  
  82  18:05  Photon Cannon  
  81  18:45  Nexus  
  77  18:52  Photon Cannon  
  54  19:23  Pylon  
  33  19:25  Pylon  
Show
View Real Time Build Order
Export as new Build Order

GoatHerder Protoss - Winner!

Build Orders:  

Get SALT Encoding   

  12  0:01  Probe  
  13  0:13  Probe  
  14  0:27  Pylon  
  14  0:32  Probe  
  15  0:45  Probe  
  16  0:51  Forge  
  16  0:57  Probe  
  17  1:06  Pylon  
  17  1:12  Pylon  
  17  1:22  Probe  
  18  1:41  Photon Cannon  
  17  1:56  Probe  
  18  2:07  Nexus  
  18  2:08  Probe  
  18  2:10  Pylon  
  19  2:17  Gateway  
  19  2:20  Gateway  
  19  2:23  Probe  
  19  2:25  Assimilator  
  20  2:30  Assimilator  
  20  2:32  Pylon  
  20  2:35  Probe  
  20  2:36  Pylon  
  21  2:57  Probe  
  22  3:09  Probe  
  23  3:21  Probe  
  23  3:23  Gateway  
  23  3:25  Cybernetics Core  
  24  3:31  Gateway  
  25  3:35  Probe (Chrono Boost)  
  25  3:37  Probe (Chrono Boost)  
  26  3:41  Photon Cannon  
  26  3:46  Probe (Chrono Boost)  
  30  3:49  Probe (Chrono Boost)  
  30  3:51  Probe (Chrono Boost), Zealot (Chrono Boost)  
  30  3:54  Protoss Ground Weapons Level 1 (Chrono Boost)  
  30  3:55  Zealot (Chrono Boost)  
  33  4:09  Adept  
  33  4:10  Adept  
  33  4:14  Adept  
  39  4:20  Shield Battery  
  39  4:23  Gateway  
  39  4:35  Probe x2  
  41  4:46  Adept  
  41  4:47  Probe, Adept  
  46  4:59  Probe (Chrono Boost)  
  48  5:04  Probe (Chrono Boost)  
  48  5:13  Probe (Chrono Boost)  
  49  5:16  Adept  
  49  5:17  Adept  
  49  5:32  Probe  
  49  5:33  Probe  
  49  5:36  Assimilator  
  49  5:37  Assimilator  
  49  5:45  Probe (Chrono Boost)  
  49  5:46  Nexus, Stalker  
  49  5:47  Probe (Chrono Boost)  
  49  5:49  Pylon  
  53  5:52  Assimilator  
  53  5:55  Assimilator  
  53  5:56  Stalker x2  
  59  5:57  Probe (Chrono Boost)  
  59  5:58  Stalker  
  59  6:00  Warp Gate  
  59  6:01  Probe (Chrono Boost)  
  61  6:06  Protoss Ground Armor Level 1  
  61  6:09  Probe  
  56  7:02  Adept x3  
  56  7:03  Adept  
  62  7:12  Probe  
  62  7:13  Probe x2 (Chrono Boost)  
  65  7:16  Pylon  
  65  7:25  Probe x2 (Chrono Boost)  
  68  7:30  Probe (Chrono Boost)  
  68  7:32  Adept, Stalker x2  
  68  7:33  Stalker  
  68  7:34  Probe x2 (Chrono Boost)  
  79  7:37  Probe (Chrono Boost)  
  79  7:39  Probe  
  79  7:42  Gateway  
  80  7:44  Shield Battery  
  80  7:46  Shield Battery  
  80  7:53  Probe x2  
  80  7:54  Probe  
  81  8:04  Photon Cannon  
  82  8:05  Probe x2  
  82  8:06  Probe  
  82  8:07  Photon Cannon  
  82  8:09  Pylon  
  72  8:14  Photon Cannon x2  
  70  8:20  Shield Battery, Pylon  
  70  8:23  Stalker  
  70  8:24  Stalker x2  
  75  8:32  Pylon  
  74  8:34  Pylon  
  74  8:36  Stalker, Pylon  
  74  8:41  Pylon  
  62  9:19  Stalker  
  62  9:20  Stalker x2  
  62  9:21  Stalker  
  62  9:22  Stalker  
  62  9:25  Probe x2  
  54  9:37  Probe x2  
  48  9:48  Stalker x4  
  48  9:49  Probe x2, Stalker  
  54  10:01  Probe x2  
  50  10:13  Probe x2  
  51  10:23  Nexus  
  51  10:25  Probe x2  
  51  10:26  Pylon  
  51  10:28  Pylon  
  53  10:35  Gateway  
  53  10:36  Gateway  
  53  10:37  Probe x2  
  53  10:39  Gateway  
  53  10:41  Gateway  
  55  10:54  Probe x2  
  57  11:00  Assimilator  
  57  11:03  Assimilator  
  57  11:06  Probe x2  
  59  11:16  Twilight Council  
  59  11:18  Probe  
  59  11:19  Probe  
  61  11:30  Probe  
  61  11:31  Probe  
  63  11:38  Stalker  
  63  11:39  Stalker  
  67  11:40  Stalker  
  67  11:41  Stalker x3  
  67  11:42  Stalker x2  
  79  11:48  Robotics Facility  
  79  11:53  Blink (Chrono Boost)  
  79  11:55  Templar Archives  
  80  12:15  Probe  
  80  12:16  Probe  
  80  12:17  Photon Cannon  
  80  12:19  Photon Cannon  
  80  12:21  Probe, Photon Cannon  
  82  12:23  Photon Cannon  
  82  12:25  Shield Battery  
  82  12:26  Stalker x2  
  82  12:27  Probe  
  82  12:28  Probe  
  88  12:31  Psionic Storm  
  88  12:33  High Templar  
  88  12:34  High Templar x3  
  88  12:35  High Templar  
  88  12:36  High Templar  
  100  12:40  Archon x3  
  100  12:57  High Templar  
  100  12:58  High Templar  
  104  13:05  Pylon  
  104  13:06  Nexus  
  104  13:07  Assimilator, Pylon  
  104  13:08  Assimilator  
  104  13:09  High Templar x3  
  104  13:10  Shield Battery, High Templar  
  104  13:11  High Templar x2  
  116  13:16  Archon  
  116  13:17  Archon  
  116  13:39  Charge (Chrono Boost)  
  116  13:40  High Templar x2  
  120  13:42  Zealot x3  
  120  13:43  Zealot  
  120  13:44  Zealot  
  120  13:46  Stalker  
  132  14:03  Photon Cannon  
  132  14:05  Stalker x2, Photon Cannon  
  132  14:06  Stalker  
  132  14:07  Photon Cannon  
  132  14:08  High Templar  
  132  14:09  High Templar, Photon Cannon  
  142  14:10  Shield Battery  
  142  14:13  Shield Battery  
  142  14:18  Probe x2  
  142  14:19  Probe x2  
  146  14:27  Zealot  
  146  14:28  Zealot x3  
  146  14:29  Zealot  
  102  15:28  Archon x2  
  81  15:29  Archon  
  81  15:30  Archon  
  81  15:35  High Templar x3  
  78  15:36  High Templar  
  78  15:40  Archon  
  74  15:48  Dark Shrine  
  74  15:49  Gateway  
  64  15:51  Gateway  
  64  15:55  Probe x2, Gateway  
  66  15:58  Gateway  
  66  16:00  Gateway  
  66  16:04  Cybernetics Core  
  66  16:07  Gateway  
  66  16:10  Gateway  
  64  16:12  Probe x2  
  64  16:13  Gateway  
  62  16:54  Probe x2  
  48  17:03  Dark Templar  
  48  17:04  Dark Templar x3  
  48  17:05  Dark Templar x3  
  48  17:06  Probe  
  48  17:07  Dark Templar  
  61  17:16  Probe  
  62  17:32  Nexus  
  62  17:36  Stargate  
  62  17:40  Pylon  
  62  17:41  Stargate  
  62  17:46  Pylon  
  62  17:47  Stargate  
  62  17:48  Pylon  
  62  17:58  Probe x2  
  64  18:11  Probe x2  
  66  18:26  Stalker x2  
  78  18:27  Stalker x2  
  78  18:28  Stalker  
  78  18:29  Void Ray, Dark Templar  
  78  18:31  Void Ray  
  86  18:40  Pylon x2  
  86  18:42  Pylon  
  86  18:43  Pylon  
  86  18:45  Assimilator, Pylon  
  86  18:48  Pylon  
  90  18:50  Void Ray, Assimilator  
  90  18:51  Stalker x2  
  94  18:57  Pylon  
  94  19:00  Pylon  
  90  19:05  Dark Templar x2  
  90  19:06  Dark Templar  
  90  19:08  Stalker x2  
Tags
 
League
Diamond
Matchup
PvP
Spawn Locations
Close Positions
Add a new tag
Caveats
  • Supply blocks, unpowered buildings, or Contaminate may cause inaccurate times.
  • Supply counts are checked every 10 seconds.